 Dungeon Crawl Stone Soup version 0.21.1-1-g345015f (webtiles) character file.

5403 Leszczynek the Nimble (level 10, -33/78 (79) HPs)
             Began as a Gnoll Gladiator on June 14, 2018.
             Was a High Priest of the Shining One.
             Killed from afar by a fire giant (56 damage)
             ... with a bolt of fire
             ... on level 11 of the Dungeon.
             The game lasted 00:31:10 (4818 turns).

Leszczynek the Nimble (Gnoll Gladiator)             Turns: 4818, Time: 00:31:10

HP:   -33/78 (79)   AC: 12    Str: 17    XL:     10   Next: 67%
MP:   18/18         EV: 16    Int: 18    God:    the Shining One [*****.]
Gold: 380           SH:  0    Dex: 17    Spells: 18/19 levels left

rFire    . . .     SeeInvis .   a - +0 quarterstaff
rCold    . . .     Gourm    +   (shield currently unavailable)
rNeg     + + .     Faith    .   j - +0 ring mail
rPois    .         Spirit   .   m - +2 helmet
rElec    .         Reflect  .   (no cloak)
rCorr    .         Harm     .   y - +2 pair of gloves
MR       +....                  (no boots)
Stlth    +.........             c - amulet of the gourmand
HPRegen  0.23/turn              k - ring of protection from magic
MPRegen  0.16/turn              (no ring)

@: brilliant, glowing
A: distributed training, fangs 1, strong nose
a: Divine Shield, Cleansing Flame, Summon Divine Warrior, Renounce Religion


You were on level 11 of the Dungeon.
You worshipped the Shining One.
The Shining One was extremely pleased with you.
You were very full.

You visited 1 branch of the dungeon, and saw 11 of its levels.
You also visited: Ossuary.

You collected 529 gold pieces.
You spent 149 gold pieces at shops.

Inventory:

Hand Weapons
 a - a +0 quarterstaff (weapon)
 b - a +0 hunting sling
 J - a -1 blowgun
Missiles
 f - 3 throwing nets
 i - 182 stones (quivered)
 B - 18 sling bullets
 I - 2 tomahawks
 K - 20 poisoned needles
Armour
 j - a +0 ring mail (worn)
 m - a +2 helmet (worn)
 x - a +0 plate armour
 y - a +2 pair of gloves (worn)
Magical Staves
 C - an uncursed staff of wizardry
Jewellery
 c - an amulet of the gourmand (around neck)
 k - a ring of protection from magic (left hand)
Wands
 M - a wand of enslavement (16)
Scrolls
 e - 2 scrolls of blinking
 h - 2 scrolls of immolation {unknown}
 l - a scroll of amnesia {unknown}
 n - 3 scrolls of remove curse {@r2}
 o - 2 scrolls of fear {unknown}
 s - 5 scrolls of teleportation
 u - 3 scrolls of enchant weapon {unknown}
 z - 2 scrolls of noise {unknown}
 A - a scroll of magic mapping {unknown}
 E - 4 scrolls of fog
 G - a scroll of silence {unknown}
Potions
 g - a potion of agility
 p - 3 potions of heal wounds {@q2}
 q - a potion of might
 r - a potion of brilliance
 t - a potion of magic {unknown}
 v - 6 potions of curing {@q1}
 w - a potion of resistance
 F - a potion of degeneration {unknown}
 H - a potion of mutation {!q}
 L - a potion of cancellation {unknown}
Comestibles
 d - 25 rations
 D - 2 chunks of flesh


   Skills:
 + Level 7.1 Fighting
 + Level 5.4 Short Blades
 + Level 5.4 Long Blades
 + Level 5.4 Axes
 + Level 5.4 Maces & Flails
 + Level 5.4 Polearms
 + Level 8.6 Staves
 + Level 5.4 Slings
 + Level 5.4 Bows
 + Level 5.4 Crossbows
 + Level 7.1 Throwing
 + Level 5.4 Armour
 + Level 8.6 Dodging
 + Level 5.4 Stealth
 + Level 5.4 Shields
 + Level 5.4 Unarmed Combat
 + Level 5.4 Spellcasting
 + Level 4.4 Conjurations
 + Level 4.4 Hexes
 + Level 4.4 Charms
 + Level 4.4 Summonings
 + Level 4.4 Necromancy
 + Level 4.4 Translocations
 + Level 4.4 Transmutations
 + Level 4.4 Fire Magic
 + Level 4.4 Ice Magic
 + Level 4.4 Air Magic
 + Level 4.4 Earth Magic
 + Level 4.4 Poison Magic
 + Level 5.9 Invocations
 + Level 5.4 Evocations


You had 18 spell levels left.
You knew the following spells:

 Your Spells              Type           Power        Failure   Level  Hunger
A - Apportation           Tloc           ####..       1%          1    None


Dungeon Overview and Level Annotations

Branches:
Dungeon (11/15)            Temple (0/1) D:7             Orc (0/2) D:10
   Lair: D:8-11

Altars:
Gozag
Qazlal
Ru
Trog
Uskayaw
Vehumet
Wu Jian
Xom
Zin
The Shining One

Shops:
D:6 ***?   D:7 [(

Annotations:
D:3 Ijyb
D:6 sking99's ghost, novice GnWz


Innate Abilities, Weirdness & Mutations

Your experience applies equally to all skills.
You have very sharp teeth.
Your uncanny sense of smell can sniff out nearby items.


Message History

You kill the ogre!
Things that are here:
a giant club; an ogre corpse You butcher the ogre corpse.
Some of the chunks of flesh in your inventory have rotted away.
Things that are here:
a giant club; 4 chunks of flesh Your magical contamination has completely faded away.
You start to feel less resistant.
The fire giant casts a spell at you.
The fireball explodes!
The fireball engulfs you! You resist.
You feel a little less mighty now.
Your resistance to elements expires.
There is a stone staircase leading up here.
You see here a cursed amulet of inaccuracy.
You feel a little less agile now.
The fire giant gestures at you while chanting.
The bolt of fire hits you!
Ouch! That really hurt!
You die...

......................)....#
##########.............รท.).#
#.###############.# #.# #.#
#.# #.# #.# #.#
##########.###############.#
..........C................#
################@..........#
#...........# #...........#
...............# #
################


You could see a fire giant.

Vanquished Creatures
  Pikel (D:9)
  A gargoyle (D:8)
  A hippogriff (D:11)
  A spriggan (D:8)
  2 hungry ghosts (D:8)
  2 water moccasins (D:8)
  2 black bears
  4 slaves
  An ice beast (D:9)
  A necrophage (D:8)
  5 ogres
  2 phantoms
  4 centaurs
  4 eyes of draining
  A big kobold (D:10)
  An elf zombie (Ossuary)
  7 bullfrogs
  A water moccasin zombie (D:8)
  A water moccasin skeleton (D:4)
  3 wights (D:11)
  3 howler monkeys
  3 crimson imps
  3 bullfrog zombies
  2 centaur skeletons
  4 jellies
  4 orc priests
  3 hounds
  5 orc wizards
  Jessica (D:3)
  2 iguanas
  7 worker ants
  A hound zombie (D:6)
  3 mummies (Ossuary)
  Robin (D:2)
  8 gnolls
  A howler monkey skeleton (D:8)
  5 adders
  7 shadow imps
  2 adder zombies
  A dart slug (D:3)
  5 worms
  A leopard gecko (D:11)
  15 orcs
  3 giant cockroaches
  A gnoll zombie (Ossuary)
  10 goblins
  5 hobgoblins
  11 jackals
  6 kobolds
  A quokka (D:8)
  A ball python (D:4)
  A bat (D:2)
  3 frilled lizards
  A goblin zombie (Ossuary)
  2 hobgoblin zombies (Ossuary)
  A kobold zombie (Ossuary)
  2 leopard gecko zombies
  A quokka skeleton (D:4)
  3 quokka zombies (Ossuary)
  4 rats
  8 rat zombies (Ossuary)
196 creatures vanquished.

Vanquished Creatures (collateral kills)
  A water moccasin zombie (D:11)
1 creature vanquished.

Vanquished Creatures (others)
  An unseen horror (D:11)
1 creature vanquished.

Grand Total: 198 creatures vanquished

Notes
Turn   | Place    | Note
-------+----------+-------------------------------------------
     0 | D:1      | Leszczynek the Gnoll Gladiator began the quest for the Orb.
     0 | D:1      | Reached XP level 1. HP: 20/20 MP: 1/1
    65 | D:2      | Found a glowing golden altar of the Shining One.
    96 | D:2      | Became a worshipper of the Shining One
   124 | D:2      | Noticed a hound
   132 | D:2      | Killed a hound
   132 | D:2      | Reached XP level 2. HP: 23/26 MP: 2/2
   132 | D:2      | Reached XP level 3. HP: 28/31 MP: 3/3
   197 | D:2      | Reached skill level 1 in Invocations
   233 | D:3      | Noticed Jessica
   239 | D:3      | Killed Jessica
   239 | D:3      | Reached skill level 1 in Short Blades
   239 | D:3      | Reached skill level 1 in Long Blades
   239 | D:3      | Reached skill level 1 in Axes
   239 | D:3      | Reached skill level 1 in Maces & Flails
   239 | D:3      | Reached skill level 1 in Polearms
   239 | D:3      | Reached skill level 1 in Slings
   239 | D:3      | Reached skill level 1 in Bows
   239 | D:3      | Reached skill level 1 in Crossbows
   239 | D:3      | Reached skill level 1 in Armour
   239 | D:3      | Reached skill level 1 in Stealth
   239 | D:3      | Reached skill level 1 in Shields
   239 | D:3      | Reached skill level 1 in Unarmed Combat
   239 | D:3      | Reached skill level 1 in Spellcasting
   239 | D:3      | Reached skill level 1 in Evocations
   239 | D:3      | Reached XP level 4. HP: 38/38 MP: 5/5
   252 | D:3      | Noticed Robin
   272 | D:2      | Killed Robin
   306 | D:3      | Reached skill level 1 in Conjurations
   306 | D:3      | Reached skill level 1 in Hexes
   306 | D:3      | Reached skill level 1 in Charms
   306 | D:3      | Reached skill level 1 in Summonings
   306 | D:3      | Reached skill level 1 in Necromancy
   306 | D:3      | Reached skill level 1 in Translocations
   306 | D:3      | Reached skill level 1 in Transmutations
   306 | D:3      | Reached skill level 1 in Fire Magic
   306 | D:3      | Reached skill level 1 in Ice Magic
   306 | D:3      | Reached skill level 1 in Air Magic
   306 | D:3      | Reached skill level 1 in Earth Magic
   306 | D:3      | Reached skill level 1 in Poison Magic
   374 | D:2      | Found a stormy altar of Qazlal.
   455 | D:3      | Reached * piety under the Shining One
   481 | D:3      | Reached XP level 5. HP: 38/43 MP: 6/6
   498 | D:3      | Found a sacrificial altar of Ru.
   514 | D:3      | Noticed Ijyb
   604 | D:3      | Found a hide-covered altar of Uskayaw.
   750 | D:4      | Noticed an ogre
   759 | D:4      | Noticed a phantom
   767 | D:4      | Killed an ogre
   767 | D:4      | Reached skill level 2 in Invocations
   767 | D:4      | Reached XP level 6. HP: 44/50 MP: 8/8
   797 | D:4      | Killed a phantom
   797 | D:4      | Reached skill level 5 in Fighting
   797 | D:4      | Reached skill level 2 in Short Blades
   797 | D:4      | Reached skill level 2 in Long Blades
   797 | D:4      | Reached skill level 2 in Axes
   797 | D:4      | Reached skill level 2 in Maces & Flails
   797 | D:4      | Reached skill level 2 in Polearms
   797 | D:4      | Reached skill level 2 in Slings
   797 | D:4      | Reached skill level 2 in Bows
   797 | D:4      | Reached skill level 2 in Crossbows
   797 | D:4      | Reached skill level 5 in Throwing
   797 | D:4      | Reached skill level 2 in Armour
   797 | D:4      | Reached skill level 2 in Stealth
   797 | D:4      | Reached skill level 2 in Shields
   797 | D:4      | Reached skill level 2 in Unarmed Combat
   797 | D:4      | Reached skill level 2 in Spellcasting
   797 | D:4      | Reached skill level 2 in Evocations
  1007 | D:4      | Reached XP level 7. HP: 17/56 MP: 10/10
  1221 | D:5      | Entered Level 5 of the Dungeon
  1388 | D:4      | Reached skill level 7 in Staves
  1388 | D:4      | Reached skill level 7 in Dodging
  1456 | D:5      | Reached skill level 2 in Conjurations
  1456 | D:5      | Reached skill level 2 in Hexes
  1456 | D:5      | Reached skill level 2 in Charms
  1456 | D:5      | Reached skill level 2 in Summonings
  1456 | D:5      | Reached skill level 2 in Necromancy
  1456 | D:5      | Reached skill level 2 in Translocations
  1456 | D:5      | Reached skill level 2 in Transmutations
  1456 | D:5      | Reached skill level 2 in Fire Magic
  1456 | D:5      | Reached skill level 2 in Ice Magic
  1456 | D:5      | Reached skill level 2 in Air Magic
  1456 | D:5      | Reached skill level 2 in Earth Magic
  1456 | D:5      | Reached skill level 2 in Poison Magic
  1517 | D:5      | Reached ** piety under the Shining One
  1679 | D:6      | Found Jaraerr's General Store.
  1682 | D:6      | Bought a scroll of blinking for 97 gold pieces
  1708 | D:6      | Noticed sking99's ghost (novice GnWz)
  1759 | D:6      | Found Kehuruev's Assorted Antiques.
  1795 | D:6      | Reached skill level 3 in Invocations
  1837 | D:6      | Reached XP level 8. HP: 44/63 MP: 3/12
  1883 | D:6      | Reached skill level 3 in Short Blades
  1883 | D:6      | Reached skill level 3 in Long Blades
  1883 | D:6      | Reached skill level 3 in Axes
  1883 | D:6      | Reached skill level 3 in Maces & Flails
  1883 | D:6      | Reached skill level 3 in Polearms
  1883 | D:6      | Reached skill level 3 in Slings
  1883 | D:6      | Reached skill level 3 in Bows
  1883 | D:6      | Reached skill level 3 in Crossbows
  1883 | D:6      | Reached skill level 3 in Armour
  1883 | D:6      | Reached skill level 3 in Stealth
  1883 | D:6      | Reached skill level 3 in Shields
  1883 | D:6      | Reached skill level 3 in Unarmed Combat
  1883 | D:6      | Reached skill level 3 in Spellcasting
  1883 | D:6      | Reached skill level 3 in Evocations
  1932 | D:6      | Found a bloodstained altar of Trog.
  2172 | D:5      | Reached skill level 4 in Invocations
  2207 | D:5      | Reached skill level 3 in Conjurations
  2207 | D:5      | Reached skill level 3 in Hexes
  2207 | D:5      | Reached skill level 3 in Charms
  2207 | D:5      | Reached skill level 3 in Summonings
  2207 | D:5      | Reached skill level 3 in Necromancy
  2207 | D:5      | Reached skill level 3 in Translocations
  2207 | D:5      | Reached skill level 3 in Transmutations
  2207 | D:5      | Reached skill level 3 in Fire Magic
  2207 | D:5      | Reached skill level 3 in Ice Magic
  2207 | D:5      | Reached skill level 3 in Air Magic
  2207 | D:5      | Reached skill level 3 in Earth Magic
  2207 | D:5      | Reached skill level 3 in Poison Magic
  2275 | D:6      | Found Oreocucet's General Store.
  2281 | D:6      | Bought a scroll of teleportation for 30 gold pieces
  2381 | D:6      | Reached XP level 9. HP: 68/69 MP: 14/14
  2383 | D:6      | Reached skill level 6 in Fighting
  2383 | D:6      | Reached skill level 6 in Throwing
  2464 | D:6      | Found an opulent altar of Gozag.
  2509 | D:6      | Found Idiv's Magic Scroll Shop.
  2515 | D:6      | Bought a scroll of identify for 22 gold pieces
  2652 | D:7      | Found Ipseum's Weapon Shoppe.
  2680 | D:7      | Found a staircase to the Ecumenical Temple.
  2779 | D:7      | Found Litredo's Antique Armour Emporium.
  2835 | D:7      | Reached *** piety under the Shining One
  2843 | D:7      | Reached skill level 4 in Short Blades
  2843 | D:7      | Reached skill level 4 in Long Blades
  2843 | D:7      | Reached skill level 4 in Axes
  2843 | D:7      | Reached skill level 4 in Maces & Flails
  2843 | D:7      | Reached skill level 4 in Polearms
  2843 | D:7      | Reached skill level 4 in Slings
  2843 | D:7      | Reached skill level 4 in Bows
  2843 | D:7      | Reached skill level 4 in Crossbows
  2843 | D:7      | Reached skill level 4 in Armour
  2843 | D:7      | Reached skill level 4 in Stealth
  2843 | D:7      | Reached skill level 4 in Shields
  2843 | D:7      | Reached skill level 4 in Unarmed Combat
  2843 | D:7      | Reached skill level 4 in Spellcasting
  2843 | D:7      | Reached skill level 4 in Evocations
  2879 | D:8      | piety portal
  3020 | D:8      | Reached skill level 8 in Staves
  3020 | D:8      | Reached skill level 8 in Dodging
  3197 | D:8      | Noticed a gargoyle
  3205 | D:8      | Found a sand-covered staircase.
  3208 | D:8      | Found a radiant altar of Vehumet.
  3218 | D:8      | Reached skill level 5 in Invocations
  3264 | D:8      | Killed a gargoyle
  3264 | D:8      | Reached XP level 10. HP: 48/76 MP: 14/17
  3266 | Ossuary  | Entered an ossuary
  3329 | Ossuary  | Reached **** piety under the Shining One
  3490 | D:8      | Reached skill level 4 in Conjurations
  3490 | D:8      | Reached skill level 4 in Hexes
  3490 | D:8      | Reached skill level 4 in Charms
  3490 | D:8      | Reached skill level 4 in Summonings
  3490 | D:8      | Reached skill level 4 in Necromancy
  3490 | D:8      | Reached skill level 4 in Translocations
  3490 | D:8      | Reached skill level 4 in Transmutations
  3490 | D:8      | Reached skill level 4 in Fire Magic
  3490 | D:8      | Reached skill level 4 in Ice Magic
  3490 | D:8      | Reached skill level 4 in Air Magic
  3490 | D:8      | Reached skill level 4 in Earth Magic
  3490 | D:8      | Reached skill level 4 in Poison Magic
  3529 | D:8      | Learned a level 1 spell: Apportation
  3583 | D:9      | Noticed Pikel
  3813 | D:9      | Found an ornate altar of the Wu Jian Council.
  3828 | D:9      | Reached skill level 5 in Short Blades
  3828 | D:9      | Reached skill level 5 in Long Blades
  3828 | D:9      | Reached skill level 5 in Axes
  3828 | D:9      | Reached skill level 5 in Maces & Flails
  3828 | D:9      | Reached skill level 5 in Polearms
  3828 | D:9      | Reached skill level 5 in Slings
  3828 | D:9      | Reached skill level 5 in Bows
  3828 | D:9      | Reached skill level 5 in Crossbows
  3828 | D:9      | Reached skill level 5 in Armour
  3828 | D:9      | Reached skill level 5 in Stealth
  3828 | D:9      | Reached skill level 5 in Shields
  3828 | D:9      | Reached skill level 5 in Unarmed Combat
  3828 | D:9      | Reached skill level 5 in Spellcasting
  3828 | D:9      | Reached skill level 5 in Evocations
  3857 | D:10     | Entered Level 10 of the Dungeon
  3876 | D:10     | Reached ***** piety under the Shining One
  3903 | D:10     | Found a staircase to the Orcish Mines.
  4000 | D:10     | Noticed a two-headed ogre
  4114 | D:9      | Killed Pikel
  4114 | D:9      | Reached skill level 7 in Fighting
  4114 | D:9      | Reached skill level 7 in Throwing
  4197 | D:9      | Found a glowing silver altar of Zin.
  4199 | D:9      | Noticed an angel
  4202 | D:9      | Found a shimmering altar of Xom.
  4735 | D:11     | Found a runed door.
  4751 | D:11     | Noticed a cyclops
  4751 | D:11     | Noticed a deep elf mage
  4751 | D:11     | Noticed a fire giant
  4751 | D:11     | Noticed an unseen horror
  4751 | D:11     | Noticed a red ugly thing
  4751 | D:11     | Noticed a cyclops
  4818 | D:11     | Ouch! That really hurt!
  4818 | D:11     | Killed from afar by a fire giant

Skill      XL: |  1  2  3  4  5  6  7  8  9 10 |
---------------+-------------------------------+-----
Invocations    | 1 2 3 4 5 |  5.9
Short Blades   | 1 2 3 4 5 |  5.4
Long Blades    | 1 2 3 4 5 |  5.4
Axes           | 1 2 3 4 5 |  5.4
Maces & Flails | 1 2 3 4 5 |  5.4
Polearms       | 1 2 3 4 5 |  5.4
Slings         | 1 2 3 4 5 |  5.4
Bows           | 1 2 3 4 5 |  5.4
Crossbows      | 1 2 3 4 5 |  5.4
Armour         | 1 2 3 4 5 |  5.4
Stealth        | 1 2 3 4 5 |  5.4
Shields        | 1 2 3 4 5 |  5.4
Unarmed Combat | 1 2 3 4 5 |  5.4
Spellcasting   | 1 2 3 4 5 |  5.4
Evocations     | 1 2 3 4 5 |  5.4
Conjurations   | 1 2 3 4 |  4.4
Hexes          | 1 2 3 4 |  4.4
Charms         | 1 2 3 4 |  4.4
Summonings     | 1 2 3 4 |  4.4
Necromancy     | 1 2 3 4 |  4.4
Translocations | 1 2 3 4 |  4.4
Transmutations | 1 2 3 4 |  4.4
Fire Magic     | 1 2 3 4 |  4.4
Ice Magic      | 1 2 3 4 |  4.4
Air Magic      | 1 2 3 4 |  4.4
Earth Magic    | 1 2 3 4 |  4.4
Poison Magic   | 1 2 3 4 |  4.4
Fighting       | 5 6 7 |  7.1
Throwing       | 5 6 7 |  7.1
Staves         | 7 8 |  8.6
Dodging        | 7 8 |  8.6

Action                   |  1- 3 |  4- 6 |  7- 9 | 10-12 || total
-------------------------+-------+-------+-------+-------++-------
Melee: Quarterstaff      |    37 |   117 |   389 |   297 ||   840
       Bite              |     1 |    14 |    55 |    47 ||   117
 Fire: Hunting sling     |       |     3 |    11 |     2 ||    16
Throw: Stone             |       |     3 |       |       ||     3
Invok: Divine Shield     |       |       |     2 |     2 ||     4
       Summon Divine War |       |       |       |     1 ||     1
Evoke: Wand              |       |       |       |     1 ||     1
  Use: Scroll            |       |     2 |     5 |     5 ||    12
       Potion            |       |       |       |     4 ||     4
  Eat: Chunk             |       |     1 |    22 |    15 ||    38
       Ration            |       |       |     1 |       ||     1
Armor: Leather armour    |     6 |    12 |       |       ||    18
       Ring mail         |       |       |    95 |    83 ||   178
Dodge: Dodged            |    27 |    63 |   271 |   167 ||   528
Block: Other             |       |       |    13 |    12 ||    25
